 Dungeon Crawl Stone Soup version 0.30-a0-341-g682706514a (webtiles) character file.

Game seed: 15333319271105895309

956 bubaowng the Covert (level 8, 0/46 HPs)
             Began as a Kobold Brigand on Nov 3, 2022.
             Succumbed to a scorpion's poison
             ... on level 6 of the Dungeon.
             The game lasted 00:18:10 (3161 turns).

bubaowng the Covert (Kobold Brigand)                Turns: 3161, Time: 00:18:11

Health: 0/46       AC:  5    Str: 11    XL:     8   Next: 36%
Magic:  8/8        EV: 20    Int: 12    God:
Gold:   89         SH:  7    Dex: 25    Spells: 7/7 levels left

rFire   . . .      SeeInvis .    a - +2 dagger
rCold   . . .      Faith    .    k - +0 buckler
rNeg    . . .      Spirit   .    r - +1 leather armour of Shielding {Str+3}
rPois   .          Reflect  .    (no helmet)
rElec   .          Harm     .    c - +0 cloak
rCorr   .          Rampage  .    (no gloves)
Will    .....                    (no boots)
Stlth   ++++++....               f - amulet of magic regeneration
HPRegen 0.27/turn                g - +6 ring of dexterity
MPRegen 0.51/turn                w - +4 ring of evasion

@: lethally poisoned (0 -> -1), attractive
A: small, no large weapons, nightstalker 3
a: no special abilities


You were on level 6 of the Dungeon.
You visited 1 branch of the dungeon, and saw 6 of its levels.

You collected 271 gold pieces.
You spent 182 gold pieces at shops.

Inventory:

Hand Weapons
 a - a +2 dagger (weapon)
 l - a +0 hand axe
 m - a +0 dagger
 n - a +0 flail
 q - a +0 dagger
 s - a +0 flail
 y - a +0 halberd
 z - a +0 club
 A - a +0 flail
 D - a +1 falchion of freezing
 H - a +0 falchion
 I - a +0 giant club
Missiles
 d - 9 poisoned darts (quivered)
 e - 3 curare-tipped darts
 t - 3 silver boomerangs
Armour
 b - a +0 robe
 c - a +0 cloak (worn)
 h - a +0 leather armour
 i - a +0 robe
 j - a +0 leather armour
 k - a +0 buckler (worn)
 r - the +1 leather armour of Shielding (worn) {Str+3}
   (You bought it in a shop on level 4 of the Dungeon)

   Str:       It affects your strength (+3).
 E - a +0 leather armour
Jewellery
 f - an amulet of magic regeneration (around neck)
 g - a +6 ring of dexterity (left hand)
 p - a ring of poison resistance
 w - a +4 ring of evasion (right hand)
 G - a ring of resist corrosion
Wands
 C - a wand of digging (6)
Scrolls
 o - 2 scrolls of identify
 x - a scroll of summoning {unknown}
 F - 2 scrolls of immolation
Potions
 u - 4 potions of curing {unknown}
 B - 2 potions of brilliance {unknown}


   Skills:
 + Level 3.5 Fighting
 + Level 5.6 Short Blades
 + Level 2.2 Throwing
 + Level 2.4 Armour
 + Level 4.0 Dodging
 + Level 9.6 Stealth
 + Level 1.9 Shields


You had 7 spell levels left.
You didn't know any spells.
Your spell library contained the following spells:

 Spells                   Type           Power      Damage    Failure   Level
 Apportation              Tloc           0%         N/A       54%         1
 Magic Dart               Conj           0%         1d3       54%         1
 Necrotise                Necr           0%         1d4       54%         1
 Sting                    Tmut/Pois      0%         1d3       54%         1
 Summon Small Mammal      Summ           0%         N/A       54%         1
 Poisonous Vapours        Pois/Air       0%         N/A       69%         2
 Searing Ray              Conj           0%         2d4       69%         2
 Ignite Poison            Fire/Tmut/Pois 0%         N/A       89%         3
 Kindle Blastsparks       Fire/Tloc/Air  0%         2d10      89%         3
 Fulminant Prism          Conj/Hex       0%         3d5       100%        4
 Olgreb's Toxic Radiance  Pois           0%         N/A       100%        4
 Freezing Cloud           Conj/Ice/Air   0%         6-21      100%        5


Dungeon Overview and Level Annotations

Branches:
Dungeon (6/15)
 Temple: D:4-7

Altars:

Shops:
D:3 [   D:4 ?***(


Innate Abilities, Weirdness & Mutations

You are small and have problems with some larger weapons.
You are completely attuned to the shadows.


Message History

You hit the scorpion.
The scorpion is moderately wounded.
You feel very sick. The scorpion completely misses you.
You hit the scorpion.
The scorpion is heavily wounded.
You feel sick.
The scorpion stings you but does no damage.
You hit the scorpion.
The scorpion is severely wounded.
You feel sick. The scorpion stings you.
* * * LOW HITPOINT WARNING * * *
You barely miss the scorpion.
The scorpion is severely wounded.
You feel sick.
The scorpion stings you but does no damage.
You completely miss the scorpion.
The scorpion is severely wounded.
You feel sick. The scorpion misses you.
You closely miss the scorpion.
The scorpion is severely wounded.
You feel sick. The scorpion stings you.
* * * LOW HITPOINT WARNING * * *
You hit the scorpion.
The scorpion is almost dead.
* * * LOW HITPOINT WARNING * * *
You feel sick. The scorpion misses you.
You hit the scorpion but do no damage.
The scorpion is almost dead.
* * * LOW HITPOINT WARNING * * *
You feel sick. The scorpion barely misses you.
You hit the scorpion.
You kill the scorpion!
Your Dodging skill increases to level 4!
* * * LOW HITPOINT WARNING * * *
You feel sick.
* * * LOW HITPOINT WARNING * * *
You feel sick.
You feel attractive to monsters.
You die...

...........#.#...#.# #.#
#..###.###.#.#...#.#####.##
#...†............#........#
#.........#.........######
####..###.#.###.###.#
#....#.#.#...###.######
###'#.#.#.#.#.#........#
#.....#.#.#.#.#.#.##.###
#...)...@.......#.##.#
#.....#.......# #.##.#
######........ #.##.#
..#....>.. #.# ##........
#.# ##....... #.# #.# #.#
#.#


There were no monsters in sight!

Vanquished Creatures
  Eustachio (D:5)
  An ice beast (D:5)
  An ogre (D:6)
  A centaur (D:5)
  Blork the orc (D:6)
  A bullfrog (D:6)
  A scorpion (D:6)
  A jelly (D:6)
  2 hounds (D:4)
  An iguana (D:6)
  2 orc wizards (D:4)
  4 gnolls (D:5)
  7 adders
  3 worms (D:2)
  2 dart slugs (D:3)
  13 orcs
  6 ball pythons
  5 endoplasms
  2 giant cockroaches (D:2)
  6 goblins
  4 hobgoblins
  3 jackals (D:1)
  3 quokkas
  6 bats
  2 frilled lizards (D:3)
  3 kobolds
  5 rats
87 creatures vanquished.

Vanquished Creatures (others)
  15 plants
15 creatures vanquished.

Grand Total: 102 creatures vanquished

Notes
Turn   | Place    | Note
-------+----------+-------------------------------------------
     0 | D:1      | bubaowng the Kobold Brigand began the quest for the Orb.
     0 | D:1      | Reached XP level 1. HP: 12/12 MP: 1/1
    76 | D:1      | Reached XP level 2. HP: 17/17 MP: 2/2
   132 | D:2      | Reached skill level 6 in Stealth
   293 | D:2      | Reached XP level 3. HP: 21/21 MP: 3/3
   664 | D:2      | Reached XP level 4. HP: 12/26 MP: 4/4
   670 | D:2      | Reached skill level 7 in Stealth
   792 | D:3      | Found Tytsid's Antique Armour Shoppe.
   948 | D:2      | HP: 1/27 [gnoll/+0 club[a gnoll bouda] (1)]
  1521 | D:3      | Reached XP level 5. HP: 21/31 MP: 5/5
  1602 | D:4      | Reached skill level 1 in Armour
  1611 | D:4      | Found Ecsaurgh's Assorted Antiques.
  1643 | D:4      | Found Leonunai's General Store.
  1689 | D:4      | Bought a garnet-studded leather armour for 182 gold pieces
  1689 | D:4      | Identified the +1 leather armour of Shielding {Str+3} (You
                  | bought it in a shop on level 4 of the Dungeon)
  1721 | D:4      | Reached XP level 6. HP: 15/36 MP: 6/6
  1743 | D:4      | Found Peve's General Store.
  2034 | D:4      | Found Nikh's Weapon Shop.
  2095 | D:4      | Noticed a black bear
  2174 | D:5      | Entered Level 5 of the Dungeon
  2309 | D:4      | Found Notresea's Magic Scroll Emporium.
  2529 | D:5      | Reached skill level 8 in Stealth
  2634 | D:5      | Reached XP level 7. HP: 41/41 MP: 7/7
  2674 | D:5      | Noticed Eustachio
  2678 | D:5      | Killed Eustachio
  2679 | D:5      | Reached skill level 1 in Shields
  2883 | D:6      | Noticed Blork the orc
  2887 | D:6      | Killed Blork the orc
  2888 | D:6      | Reached skill level 5 in Short Blades
  2888 | D:6      | Reached skill level 9 in Stealth
  2888 | D:6      | Reached XP level 8. HP: 46/46 MP: 8/8
  3157 | D:6      | HP: 2/46 [poisoned by a scorpion]
  3161 | D:6      | Succumbed to a scorpion's poison

Illustrated notes

Levels and vault maps discovered:
D:1:      dpeg_arrival_three_same_balls, layout_basic
D:2:      layout_rooms, serial_forest, infiniplex_forest_lined_2,
          infiniplex_forest_lined_3_way, infiniplex_forest_end_1,
          infiniplex_forest_clump_C, infiniplex_forest_3_way,
          infiniplex_forest_clump_small, infiniplex_forest_straight_1,
          infiniplex_forest_straight_4, st_stairs_3
D:3:      layout_rooms, serial_shops, nicolae_diamond_shop
D:4:      layout_rooms, serial_shops, nicolae_shop_overgrown_old_shop,
          nicolae_shop_bloodbath_and_beyond, shop_fountains,
          nicolae_shop_hallway_plus, shop_coins, kennysheep_flooded_box
D:5:      layout_basic, uniq_edmund, uniq_eustachio
D:6:      layout_basic, minmay_misc_feat_ornament, grunt_decor_clamped,
          kennysheep_cross_room, st_stairs_4, uniq_blork_the_orc

Skill      XL: |  1  2  3  4  5  6  7  8 |
---------------+-------------------------+-----
Stealth        | 6 7 8 9 |  9.6
Short Blades   | 3 4 5 |  5.6
Armour         | 1 2 |  2.4
Dodging        | 2 3 4 |  4.0
Fighting       | 3 |  3.5
Shields        | 1 |  1.9
Throwing       | |  2.2

Action                   |  1- 3 |  4- 6 |  7- 9 || total
-------------------------+-------+-------+-------++-------
Melee: Dagger            |    82 |   131 |    56 ||   269
       Punch             |       |     2 |       ||     2
  Use: Scroll            |       |     4 |       ||     4
       Potion            |       |     3 |     1 ||     4
 Stab: Sleeping          |    18 |    21 |     6 ||    45
       Distracted        |       |     1 |       ||     1
Armor: Leather armour    |    12 |    41 |     6 ||    59
Dodge: Dodged            |    60 |   114 |    23 ||   197
Block: Buckler           |       |    28 |    12 ||    40

Table legend: (Time is in decaauts)
 A = Elapsed time spent in this place.
 B = Non-inter-level travel time spent in this place.
 C = Inter-level travel time spent in this place.
 D = Time resting spent in this place.
 E = Time spent auto-exploring this place.
 F = Levels seen in this place.
 G = Mean time per level.
                   A        B        C        D        E       F      G
               +--------+--------+--------+--------+--------+-----+--------+
         Total |   3124 |   1615 |   1509 |    826 |      4 |   6 |  520.7 |
       Dungeon |   3124 |   1615 |   1509 |    826 |      4 |   6 |  520.7 |
               +--------+--------+--------+--------+--------+-----+--------+

Top non-repeatable levels by time:
     D:2: 1102 daAuts
     D:4: 867 daAuts
     D:6: 385 daAuts
     D:3: 358 daAuts
     D:5: 284 daAuts
     D:1: 126 daAuts
